cohdb
Replays
Latest Replays
All Replays
Popular Replays
Top Player Replays
Match Explorer
How It Works
Community
CoH3 Stats
Reddit
Sign in to upload your games and track your stats! →
Sign in with Steam
DAK is still so much fun to play!
Match 10031444
Overview
Messages
Build Orders
End
Construct Section Command Post
Royal Engineer Section
Selects Air and Sea Battlegroup
Infantry Section
Infantry Section
Infantry Section
Construct Platoon Command Post
Selects Commando Section Paradrop
Humber Armored Car
Construct Field Infirmary
Commando Section Paradrop
6-pounder Anti-tank Gun Team
Construct Company Command Post
Selects M1 Pack Howitzer Paradrop
Crusader II Medium Tank
Selects Anti-tank Rocket Loiter
Selects Supply Surplus
Crusader II Medium Tank
Grenade Package
Crusader II Medium Tank
AI Takeover
Bundy
Herr Blautier
0
0
Comments
sign in to comment!
No comments posted yet!